 Dungeon Crawl Stone Soup version 0.30-a0-691-g754fce4c43 (webtiles) character file.

Game seed: 8563856978662376784

9561 Citaku the Protected (level 11, -2/97 HPs)
             Began as a Minotaur Fighter on Jan 19, 2023.
             Was an Initiate of Gozag.
             Killed by vampiric draining
             ... invoked by a vampire
              (20 damage)
             ... on level 10 of the Dungeon.
             The game lasted 00:13:14 (8962 turns).

Citaku the Protected (Minotaur Fighter)             Turns: 8962, Time: 00:13:15

Health: -2/97      AC: 16    Str: 25    XL:     11   Next: 24%
Magic:  10/10      EV: 10    Int:  5    God:    Gozag
Gold:   1727       SH: 11    Dex: 10    Spells: 10/10 levels left

rFire   + . .      SeeInvis .    a - +0 war axe
rCold   . . .      Faith    .    c - +0 buckler
rNeg    . . .      Spirit   .    B - +2 ring mail {rF+}
rPois   .          Reflect  +    (helmet restricted)
rElec   .          Harm     .    d - +2 cloak {Stlth+}
rCorr   +          Rampage  .    x - +1 pair of gloves of Untruth {Regen+ rCorr Stlth+}
Will    .....                    (no boots)
Stlth   ++                       k - amulet of reflection
HPRegen 1.16/turn                (no ring)
MPRegen 0.12/turn                (no ring)

@: no status effects
A: horns 2, retaliatory headbutt
a: Renounce Religion, Potion Petition, Call Merchant, Bribe Branch


You were on level 10 of the Dungeon.
You worshipped Gozag.
Gozag was most pleased with you.
You visited 2 branches of the dungeon, and saw 11 of its levels.
You also visited: Ossuary.

You collected 1802 gold pieces.
You paid 75 gold pieces to Gozag.

Inventory:

Hand Weapons
 a - a +0 war axe (weapon)
Armour
 c - a +0 buckler (worn)
 d - a +2 cloak of stealth (worn)
 x - the +1 pair of gloves of Untruth (worn) {Regen+ rCorr Stlth+}
   (You found it on level 5 of the Dungeon)

   Regen:     It increases your rate of health regeneration.
   rCorr:     It protects you from acid and corrosion.
   Stlth:     It makes you more stealthy.
 B - a +2 ring mail of fire resistance (worn)
Jewellery
 g - a ring of positive energy
 k - an amulet of reflection (around neck)
Wands
 b - a wand of light (11)
 m - a wand of mindburst (19)
 n - a wand of digging (23)
 y - a wand of paralysis (13)
 C - a wand of polymorph (5)
Scrolls
 f - 3 scrolls of fog {unknown}
 h - a scroll of enchant armour
 i - 2 scrolls of fear {unknown}
 j - 2 scrolls of immolation {unknown}
 l - 7 scrolls of teleportation
 p - a scroll of acquirement {unknown}
 q - a scroll of silence {unknown}
 r - 2 scrolls of noise {unknown}
 v - a scroll of amnesia {unknown}
 D - a scroll of identify
 E - a scroll of poison {unknown}
Potions
 e - 3 potions of heal wounds
 o - 2 potions of curing
 s - 4 potions of magic
 t - 2 potions of attraction
 u - 3 potions of brilliance
 z - a potion of degeneration
 A - 3 potions of lignification


   Skills:
 + Level 9.4 Fighting
 * Level 12.4 Axes
 * Level 12.7 Armour
 + Level 9.4 Shields


You had 10 spell levels left.
You didn't know any spells.
Your spell library contained the following spells:

 Spells                   Type           Power      Damage    Failure   Level
 Foxfire                  Conj/Fire      0%         2x1d4     65%         1
 Summon Small Mammal      Summ           0%         N/A       65%         1
 Call Canine Familiar     Summ           0%         N/A       95%         3
 Gell's Gravitas          Tloc           0%         N/A       95%         3
 Summon Guardian Golem    Hex/Summ       0%         N/A       95%         3
 Teleport Other           Tloc           0%         N/A       95%         3
 Tukima's Dance           Hex            0%         N/A       95%         3
 Passage of Golubria      Tloc           0%         N/A       100%        4
 Fireball                 Conj/Fire      0%         3d3       100%        5
 Yara's Violent Unravell  Hex/Tmut       0%         3d3       100%        5
 Dispersal                Tloc           0%         N/A       100%        6
 Starburst                Conj/Fire      0%         6d3       100%        6


Dungeon Overview and Level Annotations

Branches:
Dungeon (10/15)            Temple (1/1) D:4            Lair (0/5) D:10
    Orc (0/2) D:9         Ossuary (visited)

Altars:
Cheibriados
Elyvilon
Gozag
Kikubaaqudgha
Makhleb
Nemelex Xobeh
Qazlal
Ru
Trog
Uskayaw


Innate Abilities, Weirdness & Mutations

You have a pair of horns on your head.
You reflexively headbutt those who attack you in melee.


Message History

You hit something. Something hits you. Something bites you but does no damage.
You closely miss something. Your headbutt misses something.
You hear some strange, mumbled words.
You are confused.
You bump into the crystal wall.
Something hits you but does no damage. Something bites you.
Something draws strength from your injuries!
You hit something. Something hits you. Something bites you.
Something draws strength from your injuries!
You miss something. Your headbutt misses something.
Something hits you but does no damage. Something bites you but does no damage.
Something hits you. Something bites you!
Something draws strength from your injuries!
You feel less confused.
You slash something!
You hear some strange, mumbled words.
You are confused.
You bump into the crystal wall.
Something hits you but does no damage. Something bites you but does no damage.
Something hits you. Something bites you but does no damage.
You feel better. Something hits you. Something bites you but does no damage.
You closely miss something. Your headbutt misses something.
Something draws life force from you.
You closely miss something. You headbutt something. Something hits you.
You block something's attack.
You miss something. Something hits you but does no damage. Something bites you!
* * * LOW HITPOINT WARNING * * *
Something draws strength from your injuries!
You hit something but do no damage. Something hits you but does no damage.
Something bites you!
* * * LOW HITPOINT WARNING * * *
Something draws strength from your injuries!
You closely miss something. Your headbutt misses something.
Something hits you but does no damage. Something bites you.
* * * LOW HITPOINT WARNING * * *
Something draws strength from your injuries!
You slash something! Something draws life force from you!!
You die...
Your body crumbles into a pile of gold.

# #. .. #.. .### .. ..#
#+# #.##### #.# #.#
#..<).# #.### #.#
#####)###...# #.#
#..#..#.## #.#
##@{.....## #.#
#######..#####..###.#
#<......#.###.#..##.#####
#......#.#.#.#.#.........
#......##.#)#.##.##.#####
#......###.#.###.##.#
######.##.#.#.##.##.#
#.#.#.#.#.#.##V# #..#.#
#.#..##.#


There were no monsters in sight!

Vanquished Creatures
  A two-headed ogre (D:10)
  The ghost of mrchoslav the Cleaver, a novice MiFi (D:9)
  The ghost of TimeIsEndless the Trooper, a novice OgWr (D:6)
  2 trolls
  A vampire (D:9)
  8 yaks
  2 wraiths (D:10)
  5 wyverns
  A steam dragon (D:8)
  3 water moccasins
  4 black bears
  A sky beast (D:7)
  2 ice beasts (D:7)
  3 orc warriors
  6 centaurs
  2 phantoms
  2 kobold brigands
  2 bullfrogs
  2 necrophages (D:6)
  2 scorpions
  3 water moccasin zombies (Ossuary)
  10 wights
  21 killer bees
  2 jellies (D:6)
  A crimson imp (D:4)
  4 hounds
  7 orc priests
  5 iguanas
  11 orc wizards
  A hell rat (D:10)
  Ijyb (D:3)
  2 mummies (Ossuary)
  3 river rats (D:10)
  6 adders
  A shadow imp (D:6)
  A white imp (D:4)
  5 adder zombies (Ossuary)
  2 worms
  2 dart slugs
  37 orcs
  3 bats (D:1)
  A bat zombie (D:6)
  3 endoplasms
  2 giant cockroaches
  2 gnoll zombies (Ossuary)
  5 goblins
  8 hobgoblins
  2 quokkas
  6 ball pythons
  6 frilled lizards
  6 hobgoblin zombies (Ossuary)
  16 kobolds
  2 kobold zombies (Ossuary)
  3 orc zombies (Ossuary)
  4 rats
245 creatures vanquished.

Notes
Turn   | Place    | Note
-------+----------+-------------------------------------------
     0 | D:1      | Citaku the Minotaur Fighter began the quest for the Orb.
     0 | D:1      | Reached XP level 1. HP: 19/19 MP: 0/0
   108 | D:1      | Reached XP level 2. HP: 24/27 MP: 1/1
   986 | D:2      | Reached XP level 3. HP: 21/33 MP: 2/2
  1958 | D:3      | Noticed Ijyb
  1972 | D:3      | Killed Ijyb
  1973 | D:3      | Reached XP level 4. HP: 35/40 MP: 3/3
  2275 | D:3      | Found a sparkling altar of Nemelex Xobeh.
  2291 | D:3      | You fall into a shaft and drop 1 floor!
  2421 | D:4      | Reached XP level 5. HP: 16/47 MP: 4/4
  2672 | D:4      | Reached skill level 5 in Armour
  2693 | D:4      | Found a staircase to the Ecumenical Temple.
  2724 | Temple   | Entered the Ecumenical Temple
  2737 | Temple   | Became a worshipper of Gozag Ym Sagoz the Greedy
  3217 | D:5      | Entered Level 5 of the Dungeon
  3282 | D:5      | Reached XP level 6. HP: 36/53 MP: 5/5
  3472 | D:5      | Reached skill level 5 in Axes
  3545 | D:5      | Reached skill level 5 in Shields
  3715 | D:5      | Reached skill level 5 in Fighting
  3949 | D:5      | Reached XP level 7. HP: 54/61 MP: 6/6
  3972 | D:5      | Identified the +1 pair of gloves of Untruth {Regen+ rCorr
                  | Stlth+}
  4580 | D:6      | Found a sand-covered staircase.
  4649 | Ossuary  | Entered an ossuary
  4691 | Ossuary  | Reached XP level 8. HP: 70/70 MP: 7/7
  5065 | D:6      | Found a transporter.
  5068 | D:6      | Noticed TimeIsEndless's ghost (novice OgWr)
  5210 | D:6      | Found a transporter.
  5269 | D:6      | Found an ancient bone altar of Kikubaaqudgha.
  5683 | D:6      | Reached XP level 9. HP: 76/78 MP: 8/8
  5684 | D:6      | Killed TimeIsEndless's ghost
  5990 | D:7      | Reached skill level 10 in Armour
  6061 | D:7      | Found a sacrificial altar of Ru.
  6186 | D:7      | Reached skill level 10 in Axes
  6473 | D:7      | Found a hide-covered altar of Uskayaw.
  6479 | D:7      | Found a burning altar of Makhleb.
  6915 | D:8      | Noticed a troll
  6940 | D:8      | Killed a troll
  6941 | D:8      | Reached XP level 10. HP: 63/88 MP: 9/9
  7880 | D:9      | Found a runed translucent gate.
  7881 | D:9      | Found a runed translucent gate.
  7882 | D:9      | Found a runed translucent gate.
  8096 | D:9      | Found a bloodstained altar of Trog.
  8142 | D:9      | Found a staircase to the Orcish Mines.
  8418 | D:9      | Noticed mrchoslav's ghost (novice MiFi)
  8443 | D:9      | Killed mrchoslav's ghost
  8538 | D:10     | Entered Level 10 of the Dungeon
  8549 | D:10     | Noticed a two-headed ogre
  8576 | D:10     | Killed a two-headed ogre
  8577 | D:10     | Reached XP level 11. HP: 61/97 MP: 10/10
  8738 | D:10     | Noticed a death yak
  8740 | D:10     | Found a staircase to the Lair.
  8744 | D:10     | Noticed a death yak
  8746 | D:10     | Noticed a death yak
  8962 | D:10     | Killed from afar by a vampire

Illustrated notes

Levels and vault maps discovered:
D:1:      lightli_arrival_farm, layout_basic
D:2:      layout_basic
D:3:      layout_basic, mainiacjoe_overflow_chevrons,
          amcnicky_mini_rare_corridor_liquid, uniq_ijyb
D:4:      layout_basic, minmay_temple_entry_tees, serial_bayou_pond_d,
          minmay_fire_ice_demons
D:5:      layout_basic
D:6:      layout_gridville, lemuel_zombie_altar_kikubaaqudgha,
          gammafunk_ghost_arena, nicolae_ossuary_entry_ruins
D:7:      layout_basic, grunt_temple_overflow_open, grunt_decor_mini_mirrors
D:8:      layout_gridville, nicolae_fountain_basement
D:9:      layout_basic, trog_book, orc_0_dummy, ebering_ghost_rock_garden
D:10:     layout_roguey, dpeg_lair_monsters, minmay_circle_x
Temple:   eino_temple_scatter_basement

Skill      XL: |  1  2  3  4  5  6  7  8  9 10 |
---------------+-------------------------------+-----
Armour         | 4 5 6 7 8 10 12 | 12.7
Axes           | 3 4 5 6 8 10 12 | 12.4
Fighting       | 4 5 6 7 9 |  9.4
Shields        | 4 5 6 7 9 |  9.4

Action                   |  1- 3 |  4- 6 |  7- 9 | 10-12 || total
-------------------------+-------+-------+-------+-------++-------
Melee: War axe           |    75 |    90 |   278 |   272 ||   715
       Headbutt          |    11 |    16 |    55 |    52 ||   134
  Use: Potion            |       |     1 |     1 |     4 ||     6
       Scroll            |       |       |    11 |     2 ||    13
 Stab: Sleeping          |       |       |     2 |     6 ||     8
       Distracted        |       |       |     1 |       ||     1
       Invisible         |       |       |       |     6 ||     6
Armor: Scale mail        |    35 |    33 |   166 |       ||   234
       Ring mail         |       |       |       |   123 ||   123
Dodge: Dodged            |    33 |    27 |   123 |   131 ||   314
Block: Buckler           |    21 |    42 |   148 |   143 ||   354
       Reflection        |       |       |     1 |     1 ||     2

Table legend: (Time is in decaauts)
 A = Elapsed time spent in this place.
 B = Non-inter-level travel time spent in this place.
 C = Inter-level travel time spent in this place.
 D = Time resting spent in this place.
 E = Time spent auto-exploring this place.
 F = Levels seen in this place.
 G = Mean time per level.
                   A        B        C        D        E       F      G
               +--------+--------+--------+--------+--------+-----+--------+
         Total |   9061 |   8815 |    246 |      0 |   7059 |  12 |  755.1 |
       Dungeon |   8844 |   8607 |    237 |      0 |   6955 |  10 |  884.4 |
        Temple |     22 |     13 |      9 |      0 |      1 |   1 |   22.0 |
       Ossuary |    194 |    194 |      0 |      0 |    103 |   1 |  194.0 |
               +--------+--------+--------+--------+--------+-----+--------+

Top non-repeatable levels by time:
     D:5: 1330 daAuts
     D:6: 1107 daAuts
     D:7: 1081 daAuts
     D:2: 1013 daAuts
     D:1: 985 daAuts
     D:9: 937 daAuts
     D:4: 920 daAuts
     D:8: 709 daAuts
    D:10: 415 daAuts
     D:3: 343 daAuts
 Ossuary: 194 daAuts
  Temple: 22 daAuts
